 Dungeon Crawl Stone Soup version 0.27.1-34-g3ba077fa99 (webtiles) character file.

Game seed: 11701895794434506496

5 Delamore the Sneak (level 1, -3/14 HPs)
             Began as an Octopode Brigand on Feb 11, 2022.
             Slain by a kobold (5 damage)
             ... on level 1 of the Dungeon.
             The game lasted 00:00:19 (47 turns).

Delamore the Sneak (Octopode Brigand)                 Turns: 47, Time: 00:00:19

Health: -3/14      AC:  1    Str: 10    XL:     1   Next: 80%
Magic:  1/1        EV: 12    Int: 13    God:
Gold:   0          SH:  0    Dex: 13    Spells: 0/0 levels left

rFire    . . .     SeeInvis .   a - +2 dagger
rCold    . . .     Faith    .   (no shield)
rNeg     . . .     Spirit   .   (helmet restricted)
rPois    .         Reflect  .   (no amulet)
rElec    .         Harm     .   (no ring)
rCorr    .         Rampage  .   (no ring)
Will     .....                  (no ring)
Stlth    ++++......             (no ring)
HPRegen  0.04/turn              (no ring)
MPRegen  0.07/turn              (no ring)
                                (no ring)
                                (no ring)

@: no status effects
A: almost no armour, amphibious, 8 rings, camouflage 1, gelatinous body 1,
(nimble swimmer 1), tentacles
a: no special abilities


You were on level 1 of the Dungeon.
You visited 1 branch of the dungeon, and saw 1 of its levels.

Inventory:

Hand Weapons
 a - a +2 dagger (weapon)
Missiles
 b - 8 poisoned darts (quivered)
 c - 2 curare-tipped darts


   Skills:
 - Level 2.0 Fighting
 + Level 2.1 Short Blades
 - Level 2.0 Throwing
 - Level 1.0 Dodging
 * Level 5.6 Stealth


You couldn't memorise any spells.
You didn't know any spells.
Your spell library was empty.

Dungeon Overview and Level Annotations

Branches:
Dungeon (1/15)

Altars:


Innate Abilities, Weirdness & Mutations

You cannot wear most types of armour.
You are amphibious.
You can wear up to eight rings at the same time.
Your skin changes colour to match your surroundings (Stealth+).
Your rubbery body absorbs attacks. (AC +1, EV +1)
((You are camouflaged near water. (Stealth+)))
You have tentacles for arms and can constrict up to eight enemies at once.


Message History

You are too injured to fight recklessly!
You are too injured to fight recklessly!
You are too injured to fight recklessly!
You release your grip on the kobold.
You see here a bat corpse.
The ball python bites you.
* * * LOW HITPOINT WARNING * * *
The ball python barely misses you.
An endoplasm comes into view.
The ball python bites you.
* * * LOW HITPOINT WARNING * * *
The ball python closely misses you. x2; The ball python grabs you.
The ball python constricts you.
* * * LOW HITPOINT WARNING * * *
You escape the ball python's grasp.
A rat comes into view. 2 frilled lizards come into view.
Found a faded altar of an unknown god.
You hit the ball python.
You kill the ball python!
You hit the ball python.
You kill the ball python!
You swing at nothing.
You hit the rat. You grab the rat. You squeeze the rat.
You kill the rat!
You swing at nothing.
You barely miss the kobold. Your grab misses the kobold.
The kobold barely misses you.
You completely miss the kobold. Your grab misses the kobold.
The kobold hits you but does no damage.
You hit the kobold but do no damage. You grab the kobold.
You constrict the kobold, but do no damage.
The kobold misses you.
You hit the kobold but do no damage. You constrict the kobold.
The kobold misses you.
You hit the kobold.
The kobold is severely wounded.
You constrict the kobold, but do no damage.
The kobold hits you with a +0 whip.
You die...

.....#..#.#
............# ##
...........# .#
...........[#####.#
......# #.#)#$.....
#....###.†........
#........#........
#........$K...?...
#@#...#.##.....P.. .
#K#.....##.##.≈≈≈.
....##.#...rK...##P≈≈≈♣
..l.......#.###.####≈≈P#
....#####.### #.# ##≈##
.. .#.. #.# +≈'. ..
#l.##.# #≈## r.. #.##.#
♣≈P# .... #.#J# ≈≈≈♣


You could see a kobold.

Vanquished Creatures
  A bat (D:1)
  An endoplasm (D:1)
  2 ball pythons (D:1)
  A kobold (D:1)
  A rat (D:1)
6 creatures vanquished.

Notes
Turn   | Place    | Note
-------+----------+-------------------------------------------
     0 | D:1      | Delamore the Octopode Brigand began the quest for the Orb.
     0 | D:1      | Reached XP level 1. HP: 14/14 MP: 1/1
    33 | D:1      | Found a faded altar of an unknown god.
    47 | D:1      | Slain by a kobold

Illustrated notes

Levels and vault maps discovered:
D:1:      sevenhm_arrival_forest_fort_small_4, layout_basic,
          shapermc_ecumenical_altar_starsandcircs

Action                   || total
-------------------------++-------
Melee: Dagger            ||    14
       Constrict         ||     3
       Tentacles         ||     2
Armor: Skin              ||     1
Dodge: Dodged            ||     7
